 Dungeon Crawl Stone Soup version 0.26-a0-712-ga5a9c9c9d0 (webtiles) character file.

Game seed: 1158588762941316205

217959 Kuinu the Executioner (level 18, -3/165 (169) HPs)
             Began as a Minotaur Berserker on Nov 6, 2020.
             Was a High Priest of Trog.
             Slain by a death ooze (9 damage)
             ... created by the Royal Jelly
             ... on level 4 of the Pits of Slime.
             The game lasted 01:27:15 (39737 turns).

Kuinu the Executioner (Minotaur Berserker)         Turns: 39737, Time: 01:27:15

HP:   -3/165 (169)  AC: 23    Str: 32 (34) XL:     18   Next: 40%
MP:   5/5           EV:  9    Int:  3 (4)  God:    Trog [*****.]
Gold: 1653          SH:  0    Dex:  2      Spells: 17/17 levels left

rFire    + . .     SeeInvis +   h - +8 halberd of the Dead {antimagic, +Inv rC+ Str+4 SInv}
rCold    + . .     Faith    .   (shield currently unavailable)
rNeg     + . .     Spirit   .   Q - +2 plate armour {rF+}
rPois    +         Reflect  .   K - +2 hat
rElec    .         Harm     .   C - +0 cloak
rCorr    +         Rampage  .   H - +1 pair of gloves
MR       +++..     Rnd*Rage +   z - +0 pair of boots
Stlth    ..........             A - amulet of regeneration
HPRegen  1.77/turn              M - ring of resist corrosion (curse)
MPRegen  0.09/turn              G - ring "Gyeheb" {rPois rN+ Dex-4}

@: berserk cooldown, regenerating, slowed, very slow
A: retaliatory headbutt, horns 2, berserk 2, blurry vision 2, clumsy 2, deformed
body, deterioration 1, frail 1, screaming 2, subdued magic 2
}: 1/15 runes: gossamer
a: Berserk, Trog's Hand, Brothers in Arms, Renounce Religion, Evoke Invisibility


You were on level 4 of the Pits of Slime.
You worshipped Trog.
Trog was extremely pleased with you.
You visited 6 branches of the dungeon, and saw 33 of its levels.
You also visited: Sewer.

You collected 2459 gold pieces.
You spent 806 gold pieces at shops.

Inventory:

Hand Weapons
 a - a +7 antimagic battleaxe
 h - the +8 halberd of the Dead (weapon) {antimagic, +Inv rC+ Str+4 SInv}
   (You found it on level 4 of the Spider Nest)

   It reduces the magical energy of the wielder, and disrupts the spells and
   magical abilities of those hit.
   Natural abilities and divine invocations are not affected.
   It affects your strength (+4).
   It protects you from cold.
   It lets you see invisible.
   It lets you turn invisible.
 D - the +13 battleaxe of Trog's Condemnation {vorpal, *Contam rN+ Int+2}
   (Trog gifted it to you on level 1 of the Spider Nest)

   It inflicts extra damage upon your enemies.
   It affects your intelligence (+2).
   It protects you from negative energy.
   It causes magical contamination when unequipped.
 N - the +8 falchion "Qoesm" {vorpal, +Blink rN+++ Int+3 Dex-4}
   (You found it on level 6 of the Lair of Beasts)

   It inflicts extra damage upon your enemies.
   It affects your intelligence (+3).
   It affects your dexterity (-4).
   It renders you almost immune to negative energy.
   It lets you blink.
 Z - a +4 battleaxe of flaming
Armour
 u - the +2 leather armour of Wu Jian's Grace {rC+ rN+}
   (You found it on level 4 of the Dungeon)

   It protects you from cold.
   It protects you from negative energy.
 z - a +0 pair of boots (worn)
 C - a +0 cloak (worn)
 H - a +1 pair of gloves (worn)
 K - a +2 hat (worn)
 Q - a +2 plate armour of fire resistance (worn)
Jewellery
 j - an uncursed ring of protection from magic
 n - an uncursed ring of ice
 v - an uncursed ring of protection from cold
 w - an uncursed ring of protection from magic
 x - an uncursed ring of protection from fire
 A - an amulet of regeneration (around neck)
 F - an uncursed ring of protection from fire
 G - the ring "Gyeheb" (right hand) {rPois rN+ Dex-4}
   (You found it on level 7 of the Dungeon)

   [ring of dexterity]

   It affects your dexterity (-4).
   It protects you from poison.
   It protects you from negative energy.
 M - a cursed ring of resist corrosion (left hand)
 V - an uncursed ring of see invisible
 W - a +6 ring of strength
Wands
 d - a wand of flame (28)
 g - a wand of polymorph (8)
 o - a wand of paralysis (33)
 t - a wand of disintegration (33)
 E - a wand of digging (4)
 I - a wand of iceblast (48)
 X - a wand of enslavement (7)
Scrolls
 e - 10 scrolls of teleportation
 f - 13 scrolls of remove curse
 m - 3 scrolls of enchant weapon
 q - 3 scrolls of enchant armour
 y - 4 scrolls of blinking
 J - a scroll of holy word
 P - a scroll of brand weapon
 S - 2 scrolls of magic mapping
 U - 2 scrolls of fog
Potions
 b - 5 potions of might
 c - a potion of invisibility
 i - 10 potions of stabbing
 k - 2 potions of lignification
 p - a potion of berserk rage
 r - 4 potions of flight
 s - 3 potions of ambrosia
 O - 4 potions of mutation
 R - 3 potions of curing
 T - 2 potions of resistance


   Skills:
 * Level 23.2 Fighting
 * Level 24.8 Axes
 + Level 17.5 Armour
 - Level 2.1 Dodging


You had 17 spell levels left.
You didn't know any spells.
Your spell library was empty.

Dungeon Overview and Level Annotations

Branches:
Dungeon (15/15)            Temple (1/1) D:7            Lair (6/6) D:10
  Swamp (0/4) Lair:3       Spider (4/4) Lair:4        Slime (5/5) Lair:5
    Orc (2/2) D:12            Elf (0/3) Orc:2        Vaults (0/5) D:14
  Sewer (visited)
 Depths: D:15

Altars:
Ashenzari
Cheibriados
Dithmenos
Elyvilon
Fedhas
Gozag
Hepliaklqana
Kikubaaqudgha
Makhleb
Nemelex Xobeh
Okawaru
Qazlal
Ru
Sif Muna
Trog
Uskayaw
Vehumet
Wu Jian
Xom
Yredelemnul
Zin
The Shining One
Beogh
Jiyva

Shops:
D:8 *   Orc:2 [**}

Portals:
Trove: D:14 (give +3 storm dragon scales)

Annotations:
D:8 1 runed translucent door, Arthanis's ghost, novice GrBe
D:15 3 runed translucent doors, StylePro's ghost, journeyman DDFi
Slime:5 Royal Jelly


Innate Abilities, Weirdness & Mutations

You reflexively headbutt those who attack you in melee.
You have a pair of horns on your head.
You often lose your temper in combat.
Scrolls take you longer to read.
You are very clumsy. (Dex -4)
Armour fits poorly on your strangely shaped body.
Your body sometimes deteriorates upon taking damage.
You are frail. (-10% HP)
You sometimes yell uncontrollably at your foes.
Your spells are easier to cast, but less powerful.


Message History

The death ooze hits you!
* * * LOW HITPOINT WARNING * * *
You feel your flesh rotting away! The death ooze hits you!
* * * LOW HITPOINT WARNING * * *
You begin reading the scroll.
You continue reading the scroll.
The death ooze hits you but does no damage.
The death ooze barely misses you. x2; You furiously retaliate!
You headbutt the death ooze! The death ooze hits you.
* * * LOW HITPOINT WARNING * * *
The death ooze hits you!
* * * LOW HITPOINT WARNING * * *
The death ooze hits you but does no damage.
The azure jelly hits you but does no damage.
The azure jelly barely misses you. x2
The azure jelly hits you but does no damage.
The death ooze hits you but does no damage.
The death ooze barely misses you. The death ooze hits you.
* * * LOW HITPOINT WARNING * * *
You feel your flesh rotting away! The death ooze hits you!
You die...

.....#.#..........##.###...
#..............##...#...####
#................#...#..##.##
##.#..............#.##.......
# ##......#........#......##
##........................# #
#.........................#
##.#..........J...#...........
#............@JJ........#....#
##...........JJ>............##
###...#......................
##.##......................
##.##.............#.#.....
#.........................
#.....................#...
##...........#............
##...........#...#...#..#


You could see an azure jelly and 4 death oozes.

Vanquished Creatures
  10 acid blobs
  Kirke (Lair:4)
  5 azure jellies
  8 ghost moths
  8 emperor scorpions
  8 entropy weavers
  2 spark wasps
  Snorg (Lair:5)
  A death ooze (Slime:5)
  A great orb of eyes (Slime:5)
  Fannar (D:12)
  4 boulder beetles
  2 vault guards (D:14)
  5 hydras
  2 centaur warriors
  2 catoblepae
  6 two-headed ogres
  2 tengu warriors (D:12)
  A death knight (D:14)
  A queen ant (Spider:3)
  6 death yaks
  An ogre mage (Orc:2)
  43 slime creatures
  2 unseen horrors
  A glowing orange brain (Slime:1)
  A harpy (shapeshifter) (D:14)
  3 necromancers (D:14)
  22 orb spiders
  8 ugly things
  3 cyclopes
  31 wolf spiders
  2 manticores
  A deep elf mage (D:15)
  9 orc sorcerers (Orc:2)
  6 shining eyes
  2 moths of wrath
  16 elephants
  A guardian serpent (Lair:6)
  3 torpor snails
  9 black mambas
  4 eyes of devastation
  2 molten gargoyles (Lair:3)
  Joseph (Lair:1)
  20 cane toads
  A gargoyle (D:14)
  An efreet (D:13)
  A freezing wraith (D:14)
  17 demonic crawlers
  A yaktaur (D:15)
  8 komodo dragons
  A tengu conjurer (D:13)
  3 rime drakes
  32 jumping spiders
  3 polar bears
  8 trolls
  17 hornets
  2 harpy skeletons
  Prince Ribbit (D:6)
  9 blink frogs (Lair:6)
  4 dream sheep (Lair:6)
  5 wraiths
  24 tarantellas
  95 redbacks
  53 yaks
  A shadow (D:14)
  15 wyverns
  2 water elementals (D:14)
  A human (shapeshifter) (D:13)
  2 golden eyes (Slime:1)
  20 humans (D:14)
  3 hogs (Lair:4)
  Eustachio (D:6)
  3 basilisks
  A steam dragon (D:14)
  3 vampire mosquitoes
  An insubstantial wisp (D:10)
  8 wargs
  Edmund (D:5)
  14 soldier ants
  An acid dragon (D:14)
  19 water moccasins
  Duvessa (D:6)
  2 hell hounds (Lair:4)
  A swamp drake (D:10)
  A floating eye (Slime:4)
  17 orc warriors
  3 black bears
  A hornet zombie (D:15)
  6 ice beasts
  2 sky beasts
  2 necrophages
  9 ogres
  2 phantoms
  5 eyes of draining
  20 wolves
  12 centaurs
  5 big kobolds
  26 bullfrogs
  Dowan (D:6)
  A water moccasin zombie (D:9)
  A wyvern zombie (D:11)
  2 wyvern skeletons
  4 scorpions
  A water moccasin skeleton (D:12)
  5 killer bees (D:9)
  18 wights
  A vampire bat (D:15)
  4 electric eels
  6 howler monkeys
  5 lava snakes (Lair:3)
  A bullfrog zombie (D:13)
  A quasit (D:9)
  4 centaur zombies
  6 hounds
  A jelly (D:10)
  A bullfrog skeleton (D:12)
  14 orc priests
  5 centaur skeletons
  6 iguanas
  11 hell rats (Lair:5)
  39 orc wizards
  14 worker ants
  A hound skeleton (D:10)
  2 worker ant zombies (D:9)
  21 gnolls
  A howler monkey skeleton (D:4)
  12 adders
  6 river rats (Sewer)
  2 shadow imps
  5 white imps
  An ooze (D:5)
  An ufetubus (D:5)
  2 adder skeletons
  2 adder zombies
  A worm (D:2)
  5 dart slugs
  5 leopard geckos
  94 orcs
  8 ball pythons
  14 bats
  7 giant cockroaches
  3 goblins
  6 hobgoblins
  14 jackals
  50 kobolds
  3 quokkas
  12 frilled lizards
  A jackal zombie (D:9)
  24 rats
  A spectral orc (D:3)
  A bush (Lair:6)
1222 creatures vanquished.

Vanquished Creatures (collateral kills)
  3 acid blobs
  Gastronok (D:8)
  An azure jelly (Slime:1)
  An emperor scorpion (Spider:4)
  2 entropy weavers (Spider:3)
  A death ooze (Slime:5)
  A great orb of eyes (Slime:3)
  3 death yaks (Lair:4)
  An orb spider (Spider:3)
  A manticore (D:8)
  10 slime creatures
  An elephant (D:10)
  A hornet (Spider:4)
  2 redbacks (Spider:3)
  2 golden eyes (Slime:1)
  8 soldier ants (Spider:3)
  2 black bears
  An orc warrior (D:11)
  An ogre (D:10)
  A bullfrog zombie (D:8)
  4 worker ants (Spider:3)
48 creatures vanquished.

Vanquished Creatures (others)
  An elephant (Lair:5)
  A redback (Spider:4)
  2 humans (Lair:4)
  A bullfrog (Lair:4)
  An adder (D:10)
  2 orcs
  20 fungi
  31 plants
59 creatures vanquished.

Grand Total: 1329 creatures vanquished

Notes
Turn   | Place    | Note
-------+----------+-------------------------------------------
     0 | D:1      | Kuinu the Minotaur Berserker began the quest for the Orb.
     0 | D:1      | Reached XP level 1. HP: 19/19 MP: 0/0
    72 | D:1      | Reached XP level 2. HP: 10/27 MP: 1/1
    74 | D:1      | Reached skill level 4 in Axes
   491 | D:1      | Reached ** piety under Trog
   911 | D:1      | Reached XP level 3. HP: 29/33 MP: 2/2
  1716 | D:2      | Reached XP level 4. HP: 41/41 MP: 3/3
  1747 | D:2      | Found a blossoming altar of Fedhas.
  2398 | D:3      | Reached skill level 5 in Fighting
  2398 | D:3      | Reached skill level 5 in Axes
  2402 | D:3      | Reached XP level 5. HP: 48/48 MP: 4/4
  2723 | D:3      | Noticed an ogre
  2730 | D:3      | Killed an ogre
  2730 | D:3      | Reached *** piety under Trog
  3295 | D:3      | Reached XP level 6. HP: 57/57 MP: 5/5
  3401 | D:3      | Found a basalt altar of Yredelemnul.
  3493 | D:3      | Found a shimmering blue altar of Sif Muna.
  3717 | D:4      | Got a shimmering leather armour
  3728 | D:4      | Identified the +2 leather armour of Wu Jian's Grace {rC+
                  | rN+} (You found it on level 4 of the Dungeon)
  3831 | D:4      | Found a shadowy altar of Dithmenos.
  3836 | D:4      | Reached skill level 6 in Axes
  4006 | D:4      | Reached XP level 7. HP: 38/64 MP: 6/6
  4313 | D:4      | Found a broken altar of Ashenzari.
  4512 | D:5      | Entered Level 5 of the Dungeon
  4641 | D:5      | Reached skill level 7 in Axes
  4645 | D:5      | Reached skill level 5 in Armour
  5001 | D:5      | Reached **** piety under Trog
  5091 | D:5      | Noticed Edmund
  5098 | D:5      | Found a glowing drain.
  5103 | Sewer    | Entered a sewer
  5358 | Sewer    | Reached ***** piety under Trog
  5790 | D:5      | Killed Edmund
  5790 | D:5      | Reached XP level 8. HP: 52/74 MP: 7/7
  5930 | D:5      | Reached skill level 8 in Axes
  6215 | D:6      | Found a sacrificial altar of Ru.
  6233 | D:6      | Noticed Eustachio
  6242 | D:6      | Killed Eustachio
  6373 | D:6      | Received a gift from Trog
  6437 | D:6      | Reached skill level 9 in Axes
  6760 | D:6      | Noticed Prince Ribbit
  6784 | D:6      | Killed Prince Ribbit
  6784 | D:6      | Reached XP level 9. HP: 40/85 MP: 8/8
  6970 | D:6      | Noticed Duvessa
  6970 | D:6      | Noticed Dowan
  6977 | D:6      | Killed Duvessa
  6979 | D:6      | Killed Dowan
  7123 | D:7      | Found a stormy altar of Qazlal.
  7129 | D:7      | Reached skill level 10 in Fighting
  7304 | D:7      | Reached skill level 10 in Axes
  7358 | D:7      | Found a white marble altar of Elyvilon.
  7400 | D:7      | Got a heavily runed tin ring
  7411 | D:7      | Identified the cursed ring "Gyeheb" {rPois rN+ Dex-4} (You
                  | found it on level 7 of the Dungeon)
  7422 | D:7      | Found a staircase to the Ecumenical Temple.
  7836 | D:7      | Found a hazy altar of Hepliaklqana.
  7836 | D:7      | Found an iron altar of Okawaru.
  7841 | D:7      | Found an ancient bone altar of Kikubaaqudgha.
  7843 | D:7      | Found a stormy altar of Qazlal.
  7845 | D:7      | Found a sparkling altar of Nemelex Xobeh.
  8401 | D:8      | Found a runed translucent door.
  8402 | D:8      | Noticed Arthanis's ghost (novice GrBe)
  8482 | D:8      | Found Mixtetwi's Assorted Antiques.
  8485 | D:8      | Bought a scroll labeled MOWAUT JUCWORCHUN for 26 gold
                  | pieces
  8485 | D:8      | Bought a scroll labeled MOWAUT JUCWORCHUN for 26 gold
                  | pieces
  8485 | D:8      | Bought a scroll of identify for 52 gold pieces
  8497 | D:8      | Noticed a two-headed ogre
  8509 | D:8      | Killed a two-headed ogre
  8509 | D:8      | Reached skill level 11 in Axes
  8679 | D:8      | Noticed Gastronok
  8696 | D:8      | Killed Gastronok
  8696 | D:8      | Reached XP level 10. HP: 48/96 MP: 9/9
  9164 | D:8      | Noticed a manticore
  9180 | D:8      | Killed a manticore
  9837 | D:9      | Reached skill level 12 in Axes
  9841 | D:9      | Received a gift from Trog
 10838 | D:10     | Entered Level 10 of the Dungeon
 10844 | D:10     | Noticed an elephant
 10845 | D:10     | Found a staircase to the Lair.
 10872 | D:10     | Killed an elephant
 11836 | D:10     | Killed an unseen horror
 12242 | D:10     | Reached XP level 11. HP: 91/106 MP: 10/10
 12592 | D:10     | Reached skill level 13 in Axes
 13351 | D:11     | Noticed a white ugly thing
 13370 | D:11     | Killed a white ugly thing
 13757 | D:11     | Noticed a seven-headed hydra
 13767 | D:11     | Killed a nine-headed hydra
 13767 | D:11     | Reached skill level 10 in Armour
 14111 | D:11     | HP: 5/160 [something (6)]
 14114 | D:11     | Killed an unseen horror
 15002 | D:12     | Reached skill level 14 in Axes
 15347 | D:12     | Noticed Fannar
 15357 | D:12     | Killed Fannar
 15730 | D:12     | Found a staircase to the Orcish Mines.
 15771 | D:12     | Noticed a tengu warrior
 15785 | D:12     | Killed a tengu warrior
 16401 | D:13     | Reached XP level 12. HP: 109/117 MP: 11/11
 16671 | D:13     | Noticed a centaur warrior
 16680 | D:13     | Killed a centaur warrior
 17073 | D:13     | Reached skill level 15 in Fighting
 17076 | D:13     | Reached skill level 15 in Axes
 17077 | D:13     | Identified a scroll of acquirement
 17077 | D:13     | Acquired a manual of Axes
 17239 | D:13     | Noticed a two-headed ogre
 17242 | D:13     | Killed a two-headed ogre
 17410 | D:13     | Noticed a tengu warrior
 17429 | D:13     | HP: 8/180 [tengu warrior/+0 war axe (2)]
 17436 | D:13     | HP: 5/121 [tengu warrior/+0 war axe (2)]
 17461 | D:12     | Killed a tengu warrior
 18269 | D:14     | Reached skill level 16 in Axes
 18782 | D:14     | Found a gate to the Vaults.
 18782 | D:14     | Noticed a vault guard
 18782 | D:14     | Noticed a vault guard
 18790 | D:14     | Killed a vault guard
 18790 | D:14     | Reached skill level 17 in Axes
 18792 | D:14     | Killed a vault guard
 18797 | D:14     | Reached XP level 13. HP: 128/128 MP: 12/12
 19204 | D:14     | Found a portal to a secret trove of treasure.
 19649 | D:14     | Reached skill level 18 in Axes
 20016 | D:15     | Entered Level 15 of the Dungeon
 20134 | D:15     | Found a runed translucent gate.
 20135 | D:15     | Found a runed translucent gate.
 20136 | D:15     | Found a runed translucent gate.
 20817 | D:15     | Reached skill level 19 in Axes
 21334 | D:15     | Noticed StylePro's ghost (journeyman DDFi)
 21474 | Orc:1    | Entered Level 1 of the Orcish Mines
 21484 | Orc:1    | Received a gift from Trog
 21532 | Orc:1    | Found a roughly hewn altar of Beogh.
 21685 | Orc:2    | Entered Level 2 of the Orcish Mines
 21762 | Orc:2    | Paralysed by an orc sorcerer for 6 turns
 21806 | Orc:2    | Reached XP level 14. HP: 69/141 MP: 13/13
 21815 | Orc:2    | Found Anuopudo's Assorted Antiques.
 21815 | Orc:2    | Found Oriecoy's Gadget Shoppe.
 22183 | Orc:2    | Found a roughly hewn altar of Beogh.
 22378 | Orc:2    | Reached skill level 20 in Axes
 22669 | Orc:2    | Found a staircase to the Elven Halls.
 22685 | Orc:2    | Found a roughly hewn altar of Beogh.
 22921 | Orc:2    | Found Yceis's Armour Shop.
 22921 | Orc:2    | Found Poloutt's Assorted Antiques.
 22925 | Orc:2    | Bought a +2 plate armour of fire resistance for 640 gold
                  | pieces
 22944 | Orc:2    | Bought a scroll of identify for 62 gold pieces
 23330 | Temple   | Entered the Ecumenical Temple
 23515 | Lair:1   | Entered Level 1 of the Lair of Beasts
 23515 | Lair:1   | Noticed Joseph
 23521 | Lair:1   | Killed Joseph
 24650 | Lair:2   | Received a gift from Trog
 24840 | Lair:2   | Reached ****** piety under Trog
 26397 | Lair:3   | Received a gift from Trog
 26436 | Lair:3   | Reached skill level 21 in Axes
 26558 | Lair:3   | Found a staircase to the Swamp.
 27103 | Lair:4   | Found a hole to the Spider Nest.
 27577 | Lair:4   | Noticed Kirke
 27589 | Lair:4   | Killed Kirke
 27589 | Lair:4   | Reached XP level 15. HP: 152/152 MP: 14/14
 27619 | Lair:4   | Got a warped rapier
 28131 | Lair:4   | Identified the +9 rapier "Killer Klown's Curse" {drain,
                  | Int+4} (You found it on level 4 of the Lair of Beasts)
 28160 | Lair:5   | Noticed Snorg
 28163 | Lair:5   | Killed Snorg
 28382 | Lair:5   | Found a staircase to the Slime Pits.
 28405 | Lair:5   | Received a gift from Trog
 29131 | Lair:6   | Entered Level 6 of the Lair of Beasts
 29836 | Lair:6   | Paralysed by a hornet for 2 turns
 30114 | Lair:6   | Got a steaming falchion
 30275 | Lair:6   | Identified the +8 falchion "Qoesm" {vorpal, +Blink rN+++
                  | Int+3 Dex-4} (You found it on level 6 of the Lair of
                  | Beasts)
 30280 | Lair:6   | Reached skill level 22 in Axes
 30290 | Lair:6   | Reached skill level 15 in Armour
 30533 | Spider:1 | Entered Level 1 of the Spider Nest
 31275 | Spider:1 | Received a gift from Trog
 31335 | Spider:1 | Identified the +13 battleaxe of Trog's Condemnation
                  | {vorpal, *Contam rN+ Int+2} (Trog gifted it to you on level
                  | 1 of the Spider Nest)
 31441 | Spider:1 | Reached XP level 16. HP: 142/165 MP: 15/15
 31803 | Spider:1 | You fall into a shaft and drop 1 floor!
 32832 | Spider:2 | Received a gift from Trog
 33820 | Spider:3 | Reached skill level 23 in Axes
 34792 | Spider:3 | Received a gift from Trog
 34794 | Spider:3 | Reached XP level 17. HP: 132/176 MP: 16/16
 35037 | Spider:3 | Identified the +8 quarterstaff of Vaduoc {vorpal, Int+2}
                  | (You found it on level 3 of the Spider Nest)
 35045 | Spider:4 | Entered Level 4 of the Spider Nest
 35587 | Spider:4 | Received a gift from Trog
 36068 | Spider:4 | Reached skill level 24 in Axes
 36259 | Spider:4 | Got a gossamer rune of Zot
 36463 | Spider:4 | Identified the +8 halberd of the Dead {antimagic, +Inv rC+
                  | Str+4 SInv} (You found it on level 4 of the Spider Nest)
 36682 | Slime:1  | Entered Level 1 of the Pits of Slime
 36686 | Slime:1  | Noticed an acid blob
 36688 | Slime:1  | Killed an acid blob
 36701 | Slime:1  | Gained mutation: You are clumsy. (Dex -2) [a shining eye]
 36703 | Slime:2  | Noticed an acid blob
 36707 | Slime:2  | Killed an acid blob
 36948 | Slime:2  | Noticed an acid blob
 36964 | Slime:2  | Killed an acid blob
 37170 | Slime:1  | Noticed an acid blob
 37176 | Slime:1  | Received a gift from Trog
 37182 | Slime:1  | Killed an acid blob
 37187 | Slime:1  | Noticed an acid blob
 37203 | Slime:1  | Killed an acid blob
 37393 | Slime:1  | Gained mutation: Your muscles are strong. (Str +2) [a
                  | shining eye]
 37396 | Slime:1  | Gained mutation: You are very clumsy. (Dex -4) [a shining
                  | eye]
 37399 | Slime:1  | Gained mutation: You occasionally shout uncontrollably at
                  | your foes. [a shining eye]
 37613 | Slime:1  | Lost mutation: Your muscles are strong. (Str +2) [a shining
                  | eye]
 37615 | Slime:1  | Noticed an acid blob
 37979 | Slime:1  | Reached XP level 18. HP: 181/187 MP: 17/17
 38516 | Slime:4  | Gained mutation: Armour fits poorly on your strangely
                  | shaped body. [a shining eye]
 38518 | Slime:4  | Gained mutation: Your spells are a little easier to cast,
                  | but a little less powerful. [a shining eye]
 38634 | Slime:4  | Found a viscous altar of Jiyva.
 38801 | Slime:5  | Entered Level 5 of the Pits of Slime
 38803 | Slime:5  | Gained mutation: Scrolls take you a little longer to read.
                  | [a shining eye]
 38806 | Slime:5  | Gained mutation: Your spells are easier to cast, but less
                  | powerful. [a shining eye]
 38808 | Slime:5  | Gained mutation: Your body sometimes deteriorates upon
                  | taking damage. [a shining eye]
 38810 | Slime:5  | Gained mutation: You tend to lose your temper in combat. [a
                  | shining eye]
 38811 | Slime:5  | Gained mutation: You are frail. (-10% HP) [a shining eye]
 39035 | Slime:5  | Paralysed by a floating eye for 3 turns
 39107 | Slime:5  | Gained mutation: Scrolls take you longer to read. [a
                  | shining eye]
 39414 | Slime:5  | Gained mutation: You often lose your temper in combat. [a
                  | shining eye]
 39430 | Slime:5  | Found a viscous altar of Jiyva.
 39431 | Slime:5  | Noticed the Royal Jelly
 39611 | Slime:5  | Received a gift from Trog
 39627 | Slime:4  | Gained mutation: You sometimes yell uncontrollably at your
                  | foes. [mutagenic glow]
 39737 | Slime:4  | HP: 6/166 [death ooze[the Royal Jelly] (5)]
 39737 | Slime:4  | Slain by a death ooze

Illustrated notes

Levels and vault maps discovered:
D:1:      heliophobic_arrival_ceremonial_halls, layout_basic
D:2:      layout_loops_ring, old_standard_altar
D:3:      layout_basic, led_sif_book, yredelemnul_forgotten_temple_becter
D:4:      layout_loops_ring, marbit_many_paths, old_standard_altar,
          cheibrodos_gnoll_hut
D:5:      layout_loops_ring, portal_sewer_entry_e, nrook_mini_vaults,
          uniq_edmund
D:6:      layout_basic, nicolae_ru_great_annihilating_truth, corexii_shack,
          uniq_prince_ribbit1, uniq_eustachio, uniq_duvessa
D:7:      layout_layer_cave, chequers_temple_overflow_minitemple,
          lemuel_round_altar, temple_green, basic_altar
D:8:      layout_basic, serial_shops, nicolae_shop_trees,
          ebering_ghost_inner_flame, wad_dig_loot, uniq_gastronok
D:9:      layout_long_grid, minmay_between
D:10:     layout_stronghold, david_lair_generic, pond
D:11:     layout_loops_ring, lemuel_nasty_fountain
D:12:     layout_loops_cross, orc_0_dummy, uniq_fannar
D:13:     layout_loops_corners
D:14:     layout_rooms, grunt_vaults_entry_tiered, enter_trove_1,
          chequers_decorated_corner, serial_bayou_pond_e,
          kennysheep_generic_room_16
D:15:     hangedman_depths_entry_try_elsewhere_first, layout_gridville,
          gammafunk_ghost_necromancy, wad_floor_pattern_1, roderic_batcave
Temple:   cyrus_temple_forest
Lair:1:   layout_cave_shapes, minmay_stone_trees_small,
          chequers_serial_rivers_room_b, uniq_joseph
Lair:2:   layout_cave_pods
Lair:3:   cheibrodos_magma_flow, layout_chaotic_city, palyth_hydra_swamp_entry,
          portal_ice_cave_rime
Lair:4:   layout_loops_ring, spider_nest_entry_webs, enter_volcano_3, uniq_kirke
Lair:5:   layout_regular_city, minmay_slime_entry_eyes, hibernation_bobbens,
          uniq_snorg
Lair:6:   hangedman_lair_tendril_chambers, layout_long_grid, minivault_27
Spider:1: layout_spider_delve
Spider:2: nicolae_spider_corner, nicolae_spider_cling_halls
Spider:3: layout_spider_delve, zaba_antful_of_joy
Spider:4: spider_rune_water
Slime:1:  layout_caves
Slime:2:  layout_caves
Slime:3:  layout_caves
Slime:4:  layout_caves, basic_altar, nicolae_slime_barrier
Slime:5
Orc:1:    layout_caves, basic_altar, uniq_erolcha
Orc:2:    st_orc_town, layout_caves, basic_altar, nicolae_orc_crystal_geode

Skill      XL: |  1  2  3  4  5  6  7  8  9 10 11 12 13 14 15 16 17 18 |
---------------+-------------------------------------------------------+-----
Fighting       | 4 5 6 8 9 11 12 14 16 17 19 20 21 22 23 | 23.2
Axes           | 4 5 6 7 9 11 12 14 17 19 21 22 23 24 | 24.8
Armour         | 3 4 5 6 8 9 10 11 13 14 15 16 17 | 17.5
Dodging        | |  2.1

Action                   |  1- 3 |  4- 6 |  7- 9 | 10-12 | 13-15 | 16-18 || total
-------------------------+-------+-------+-------+-------+-------+-------++-------
Melee: Hand axe          |    67 |    91 |   285 |   308 |       |       ||   751
       Headbutt          |     8 |     8 |    45 |   101 |   203 |   108 ||   473
       Battleaxe         |       |       |       |   280 |  1053 |   655 ||  1988
       Scimitar          |       |       |       |       |    11 |       ||    11
       Halberd           |       |       |       |       |       |     7 ||     7
Invok: Berserk           |       |     2 |     3 |     9 |    10 |     6 ||    30
       Trog's Hand       |       |       |     2 |    13 |     5 |    11 ||    31
       Brothers in Arms  |       |       |     1 |     4 |     1 |    11 ||    17
 Abil: Evoke Invisibilit |       |       |       |       |       |     1 ||     1
Evoke: Wand              |       |       |       |     5 |       |       ||     5
  Use: Scroll            |       |     8 |    11 |    17 |    10 |    11 ||    57
       Potion            |       |       |       |    18 |     1 |    10 ||    29
 Stab: Paralysed         |       |       |     1 |       |       |       ||     1
       Petrified         |       |       |       |       |     3 |       ||     3
       Distracted        |       |       |       |       |       |     1 ||     1
Armor: Animal skin       |    10 |     5 |       |       |       |       ||    15
       Ring mail         |       |     4 |       |       |       |       ||     4
       Leather armour    |       |     4 |    54 |   312 |       |       ||   370
       Plate armour      |       |       |       |    85 |   720 |   779 ||  1584
Dodge: Dodged            |    39 |    58 |   135 |   335 |   391 |   359 ||  1317

Table legend: (Time is in decaauts)
 A = Elapsed time spent in this place.
 B = Non-inter-level travel time spent in this place.
 C = Inter-level travel time spent in this place.
 D = Time resting spent in this place.
 E = Time spent auto-exploring this place.
 F = Levels seen in this place.
 G = Mean time per level.
                   A        B        C        D        E       F      G
               +--------+--------+--------+--------+--------+-----+--------+
         Total |  39425 |  38072 |   1353 |      0 |  31767 |  34 | 1159.6 |
       Dungeon |  21004 |  20411 |    593 |      0 |  17515 |  15 | 1400.3 |
        Temple |     80 |     55 |     25 |      0 |     55 |   1 |   80.0 |
          Lair |   6953 |   6578 |    375 |      0 |   5627 |   6 | 1158.8 |
   Spider Nest |   6002 |   5740 |    262 |      0 |   4359 |   4 | 1500.5 |
    Slime Pits |   3009 |   2947 |     62 |      0 |   2367 |   5 |  601.8 |
  Orcish Mines |   1687 |   1653 |     34 |      0 |   1311 |   2 |  843.5 |
         Sewer |    686 |    686 |      0 |      0 |    531 |   1 |  686.0 |
               +--------+--------+--------+--------+--------+-----+--------+

Top non-repeatable levels by time:
    D:10: 2452 daAuts
Spider:2: 2140 daAuts
    D:12: 2045 daAuts
    D:14: 1782 daAuts
Spider:1: 1688 daAuts
    D:13: 1613 daAuts
  Lair:3: 1566 daAuts
   Orc:2: 1466 daAuts
     D:8: 1443 daAuts
    D:11: 1413 daAuts
    D:15: 1407 daAuts
  Lair:6: 1329 daAuts
     D:7: 1325 daAuts
Spider:4: 1316 daAuts
     D:2: 1211 daAuts
